 Dungeon Crawl Stone Soup version 0.31.0-11-ge490571c62 (webtiles) character file.

Game seed: 3108352453335783273

50 qw the Shooter (level 3, -2/18 HPs)
             Began as a Spriggan Hunter on Feb 4, 2024.
             Slain by a ribbon worm (5 damage)
             ... on level 2 of the Dungeon.
             The game lasted 00:00:04 (977 turns).

qw the Shooter (Spriggan Hunter)                     Turns: 977, Time: 00:00:05

Health: -2/18      AC:  2    Str:  7    XL:     3   Next: 55%
Magic:  4/4        EV: 10    Int: 10    God:
Gold:   162        SH:  0    Dex: 20    Spells: 2/2 levels left

rFire   . . .        a - +0 shortbow
rCold   . . .        (shield currently unavailable)
rNeg    . . .        c - +0 robe
rPois   .            (helmet restricted)
rElec   .            (no cloak)
rCorr   .            (gloves unavailable)
SInv    +            (boots unavailable)
Will    +....        (no amulet)
Stlth   ++           i - ring of willpower
HPRegen 0.23/turn    (no ring)
MPRegen 0.09/turn

%: no passive effects
@: held, very quick
A: very small, no large weapons, unfitting armour, see invisible, speed 3
a: no special abilities


You were on level 2 of the Dungeon.
You visited 1 branch of the dungeon, and saw 2 of its levels.

You collected 162 gold pieces.


Innate Abilities, Weirdness & Mutations

You are very small and have problems with some larger weapons.
You are too small for most types of armour.
You have supernaturally acute eyesight. (SInv)
You cover ground extremely quickly. (Speed+++)


   Skills:
 - Level 1.5 Fighting
 + Level 4.8 Ranged Weapons
 - Level 4.0 Dodging
 - Level 1.5 Stealth


You had 2 spell levels left.
You didn't know any spells.
Your spell library was empty.

Inventory:

Hand Weapons
 a - a +0 shortbow (weapon)
Armour
 c - a +0 robe (worn)
Jewellery
 i - a ring of willpower (left hand)
Scrolls
 d - a scroll of identify
Potions
 b - a potion of brilliance {unknown}
 e - a potion of curing

Dungeon Overview and Level Annotations

Branches:
Dungeon (2/15)

Altars:


Message History

The goblin closely misses you. The ribbon worm bites you.
The goblin hits you but does no damage. The goblin barely misses you.
The ribbon worm expels a string of sticky webbing.
The stream of webbing hits you but does no damage.
You are even more entangled.
The goblin hits you but does no damage. The ribbon worm misses you.
The goblin closely misses you. The ribbon worm completely misses you.
The goblin hits you with a +0 dagger. The ribbon worm bites you.
The goblin barely misses you. The goblin hits you but does no damage.
The ribbon worm barely misses you. The goblin closely misses you.
The ribbon worm expels a string of sticky webbing.
The stream of webbing hits you but does no damage.
You are even more entangled.
The goblin hits you but does no damage.
Enter note:
Enter note:
Enter note:
Enter note:
Enter note:
Enter note:
972 ||| Stepping randomly (stuck).
The web tears apart.
The ribbon worm bites you. The goblin completely misses you.
You shoot an arrow. The arrow hits the ribbon worm.
The ribbon worm is heavily wounded.
The ribbon worm barely misses you. The goblin barely misses you.
You shoot an arrow.
The arrow barely misses the ribbon worm.
The goblin hits you with a +0 dagger. The ribbon worm barely misses you.
You shoot an arrow.
The arrow hits the ribbon worm but does no damage.
The ribbon worm is moderately wounded.
The goblin misses you.
The ribbon worm expels a string of sticky webbing.
The stream of webbing hits you but does no damage.
You are caught in a web!
The goblin barely misses you. The ribbon worm bites you.
The goblin hits you with a +0 dagger. The ribbon worm bites you.
You die...

.................##.# #......#.#
..............##.##|###########.#
#.............##.##..............
######...:....##.##############.#
#........##.# #.# ###########.#
###.# #.# #.... #.# #.... #@#
#.... #gw...... #.... #........
#.... #.....%.. #.... #.$......
#.... #.####### ###.. #.# #.. #.#
#.. #..


You could see a ribbon worm (catching breath) and a goblin.

Vanquished Creatures
  A dart slug (D:1)
  A ribbon worm (D:2)
  3 ball pythons
  4 endoplasms
  A giant cockroach (D:1)
  5 goblins
  5 hobgoblins (D:1)
  4 kobolds
  2 quokkas (D:2)
  4 bats (D:1)
  4 frilled lizards
  8 rats
42 creatures vanquished.

Notes
Turn   | Place    | Note
-------+----------+-------------------------------------------
     0 | D:1      | qw the Spriggan Hunter began the quest for the Orb.
     0 | D:1      | Reached XP level 1. HP: 10/10 MP: 2/2
     0 | D:1      | 0 ||| qw: Version: 0.3-a-160-g6735b56
     0 | D:1      | 0 ||| qw: Game counter: 5368
     0 | D:1      | 0 ||| qw: Melee chars always use a shield: true
     0 | D:1      | 0 ||| qw: God list: Okawaru
     0 | D:1      | 0 ||| qw: Allow faded altars: false
     0 | D:1      | 0 ||| qw: Do Orc after clearing Dungeon:15 true
     0 | D:1      | 0 ||| qw: Do second Lair branch before Depths: true
     0 | D:1      | 0 ||| qw: Lair rune preference: random
     0 | D:1      | 0 ||| qw: Goals: Normal
     0 | D:1      | 0 ||| PLANNING D:1-11
    26 | D:1      | Reached skill level 3 in Dodging
   134 | D:1      | Found a faded altar of an unknown god.
   179 | D:1      | Reached XP level 2. HP: 14/14 MP: 3/3
   314 | D:1      | Reached XP level 3. HP: 18/18 MP: 4/4
   484 | D:1      | 484 ||| UPGRADING to ring of willpower.
   485 | D:1      | 485 ||| DROPPING ring of wizardry.
   486 | D:1      | 486 ||| READING 2 scrolls labelled NOTUFO MOSCHIPN.
   486 | D:1      | 486 ||| IDENTIFYING brown potion
   487 | D:1      | 487 ||| READING scroll of identify.
   487 | D:1      | 487 ||| IDENTIFYING golden potion
   488 | D:1      | 488 ||| READING scroll labelled ORUAWU XEQYSI.
   489 | D:1      | 489 ||| READING scroll labelled TAISHI QYIHAU.
   490 | D:1      | 490 ||| READING scroll labelled WILU SODIH.
   491 | D:1      | 491 ||| READING scroll labelled COZUM ZEUG.
   492 | D:1      | 492 ||| DROPPING scroll of butterflies.
   493 | D:1      | 493 ||| DROPPING potion of degeneration.
   972 | D:2      | 972 ||| Stepping randomly (stuck).
   977 | D:2      | HP: 3/18 [goblin/+0 dagger (3)]
   977 | D:2      | Slain by a ribbon worm

Levels and vault maps discovered:
D:1:      erik_arrival_blinker_ship, layout_basic,
          dreamdust_ecumenical_altar_grove, minmay_rat_gold_closets
D:2:      layout_basic, kennysheep_cluttered_room

Skill      XL: |  1  2 |
---------------+-------+-----
Dodging        | 3 4 |  4.0
Fighting       | |  1.5
Ranged Weapons | |  4.8
Stealth        | |  1.5

Action                     || total
---------------------------++-------
   Fire: Shortbow          ||    94
    Use: Scroll            ||     6
 Armour: Robe              ||    16
  Dodge: Dodged            ||    29

Table legend:
 A = Non-vault XP
 B = Vault XP
 C = Vault XP percentage of total XP
 D = Non-vault monster count
 E = Vault monster count
 F = Vault count percentage of total count
                 A         B        C        D         E       F
            +---------+---------+-------+---------+---------+-------
      Total |      67 |       5 |   6.9 |      37 |       5 |  11.9
            +---------+---------+-------+---------+---------+-------
        D:1 |      42 |       5 |  10.6 |      23 |       5 |  17.9
        D:2 |      25 |       0 |   0.0 |      14 |       0 |   0.0
            +---------+---------+-------+---------+---------+-------
